Map: Tokamak LE

Players

ManlyManMeat

  • Race: Zerg Zerg
  • League: Diamond
  • Spawn Location: 7:00

LemonHaze - Winner!

  • Race: Terran Terran
  • Spawn Location: 1:00

VOD

Have the link to the VOD?

Description

Time

  • Played on: July 13, 2025, 11:36 a.m.
  • Length: 21:21
Show
View Real Time Build Order
Export as new Build Order

ManlyManMeat Zerg 

Build Orders: Hatch First 

Get SALT Encoding   

  12  0:00  Drone  
  13  0:07  Drone  
  13  0:12  Extractor  
  13  0:14  Drone  
  15  0:23  Overlord  
  15  0:42  Drone  
  16  0:47  Drone  
  17  0:51  Hatchery  
  17  0:55  Drone  
  17  0:58  Drone  
  18  1:13  Spawning Pool  
  18  1:17  Drone  
  18  1:18  Extractor  
  18  1:21  Drone  
  18  1:27  Drone  
  19  1:39  Drone  
  20  2:04  Zergling x4, Queen  
  20  2:05  Queen  
  20  2:06  Overlord  
  26  2:17  Metabolic Boost  
  26  2:19  Zergling x2  
  26  2:20  Zergling x2  
  28  2:27  Extractor  
  27  2:32  Extractor  
  27  2:36  Drone x3  
  28  2:47  Overlord  
  28  2:56  Drone  
  29  3:02  Queen  
  31  3:13  Zergling x4  
  31  3:14  Zergling x2  
  32  3:20  Zergling x2  
  32  3:21  Zergling x6  
  32  3:24  Zergling x4  
  37  3:29  Zergling x4  
  39  3:36  Spine Crawler  
  37  4:04  Hatchery  
  37  4:08  Drone x3  
  37  4:09  Drone, Overlord x3  
  40  4:15  Drone x2  
  42  4:29  Lair  
  42  4:50  Drone  
  42  4:51  Drone x2, Roach Warren  
  42  4:52  Drone x5  
  49  5:02  Queen  
  51  5:08  Drone  
  51  5:10  Drone  
  53  5:19  Drone x2  
  53  5:20  Baneling Nest  
  54  5:32  Roach x3  
  54  5:35  Drone x4  
  63  5:50  Roach x3  
  63  5:51  Roach  
  70  5:59  Overlord x3, Roach  
  72  6:07  Drone x2, Extractor  
  73  6:24  Overseer  
  73  6:29  Roach x4  
  81  6:33  Drone x3  
  81  6:36  Drone x2  
  81  6:37  Drone x7, Overlord x2  
  81  6:38  Overlord  
  93  6:42  Roach  
  93  6:47  Queen  
  97  6:59  Spore Crawler  
  97  7:00  Spore Crawler x2  
  94  7:02  Spire  
  94  7:03  Spore Crawler  
  94  7:04  Spore Crawler  
  94  7:06  Spore Crawler  
  90  7:16  Queen  
  92  7:26  Spore Crawler  
  92  7:27  Spore Crawler  
  92  7:28  Spore Crawler  
  89  8:12  Drone x7  
  89  8:13  Drone x2  
  91  8:26  Corruptor x10  
  111  8:43  Roach  
  113  8:54  Hatchery, Infestation Pit  
  111  9:02  Zergling x6  
  114  9:03  Glial Reconstitution  
  114  9:07  Zerg Flyer Armor Level 1  
  113  9:18  Overlord x3  
  113  9:21  Drone  
  113  9:23  Hatchery  
  113  9:31  Drone  
  113  9:32  Overlord x2  
  107  9:52  Roach x3  
  104  10:23  Roach x4  
  104  10:24  Roach x3  
  113  10:36  Roach x10  
  113  10:39  Hive  
  133  10:47  Drone x3  
  136  10:55  Drone x4  
  140  11:23  Hatchery, Evolution Chamber  
  140  11:25  Evolution Chamber  
  137  11:37  Drone  
  137  11:38  Drone x4  
  137  11:39  Drone x4  
  147  11:40  Drone x2  
  147  11:42  Extractor  
  147  11:43  Drone  
  147  11:44  Extractor  
  147  11:56  Zerg Melee Weapons Level 1  
  147  11:59  Ultralisk Cavern  
  146  12:05  Roach x3  
  152  12:29  Overlord x3  
  148  12:31  Drone x3  
  148  12:32  Drone x3  
  148  12:33  Drone  
  148  12:34  Drone x2  
  148  12:35  Drone x2  
  159  12:47  Overseer  
  160  12:53  Ultralisk, Hatchery  
  160  13:00  Zergling x2  
  160  13:01  Zergling x10  
  166  13:12  Ultralisk  
  172  13:37  Overlord x4  
  164  13:44  Roach x4  
  172  13:49  Infestor x2  
  172  13:53  Overlord x4  
  176  13:56  Infestor x4  
  184  14:07  Overseer  
  184  14:08  Pneumatized Carapace  
  184  14:17  Infestor  
  184  14:18  Infestor  
  190  14:52  Ultralisk  
  190  14:53  Ultralisk x4, Infestor  
  190  15:11  Ultralisk  
  194  15:39  Ultralisk  
  148  16:27  Zergling x2, Ultralisk x7  
  148  16:28  Zergling x38  
  186  16:42  Ultralisk  
  186  16:43  Zergling x16  
  154  17:06  Zergling x6, Ultralisk x2  
  140  17:31  Corruptor x3  
  144  17:50  Hatchery  
  130  17:59  Chitinous Plating  
  130  18:00  Zerg Melee Weapons Level 2  
  94  18:23  Zergling x14, Ultralisk  
  89  18:50  Zergling x8  
  89  18:51  Zergling x20  
  97  19:18  Anabolic Synthesis  
  82  19:50  Drone x3  
  82  19:51  Drone x8  
  82  19:52  Drone  
  94  19:54  Drone x5  
  99  20:11  Infestor  
  99  20:12  Hatchery, Infestor x3  
  106  20:29  Ultralisk x2  
  123  20:57  Zergling x18  
  123  20:58  Zergling x10  
Show
View Real Time Build Order
Export as new Build Order

LemonHaze Terran - Winner!

Build Orders: Mech 

Get SALT Encoding   

  12  0:00  SCV  
  13  0:12  SCV  
  14  0:18  Supply Depot  
  14  0:24  SCV  
  15  0:40  SCV  
  15  0:41  Barracks  
  16  0:44  Refinery  
  16  0:52  SCV  
  17  1:01  Barracks  
  17  1:04  SCV  
  18  1:16  SCV  
  19  1:28  Reaper  
  19  1:29  Orbital Command  
  20  1:35  Supply Depot  
  20  1:47  Reaper  
  21  1:54  SCV  
  22  2:04  Reaper  
  22  2:06  SCV  
  24  2:15  Command Center  
  24  2:18  SCV  
  25  2:48  Command Center, Marine  
  26  2:55  SCV  
  26  2:56  Factory  
  27  3:07  SCV  
  28  3:19  SCV  
  29  3:31  SCV  
  29  3:33  Marine  
  31  3:37  Refinery, Orbital Command, Barracks Reactor  
  31  3:43  Refinery  
  31  3:47  Refinery  
  31  3:48  Hellion  
  33  3:55  Bunker  
  30  3:58  Marine  
  31  4:03  Armory  
  31  4:06  Orbital Command  
  31  4:10  SCV  
  31  4:11  SCV  
  33  4:20  Starport  
  33  4:28  Hellion x2  
  33  4:29  SCV x2  
  39  4:33  SCV  
  40  4:41  Factory  
  40  4:45  SCV  
  41  4:50  SCV x2  
  43  4:53  Terran Vehicle And Ship Armor Level 1  
  43  4:55  Armory  
  43  4:57  SCV  
  44  5:00  Viking  
  44  5:03  SCV x2  
  48  5:07  Hellion  
  50  5:17  Supply Depot  
  50  5:22  Fusion Core, SCV x3  
  50  5:25  Factory Tech Lab  
  55  5:28  Hellion  
  55  5:44  Supply Depot  
  55  5:48  Hellion  
  55  5:49  Infernal Pre-Igniter  
  59  5:50  Hellion  
  59  5:51  Factory  
  59  5:52  Siege Tank  
  62  6:01  Starport Tech Lab  
  62  6:06  Terran Vehicle Weapons Level 1  
  62  6:09  Hellion  
  64  6:25  Siege Tank  
  67  6:30  Widow Mine  
  67  6:31  Hellion  
  71  6:33  SCV x3  
  71  6:37  Factory Tech Lab  
  71  6:38  Command Center  
  74  6:41  Factory  
  74  6:45  SCV  
  75  6:47  SCV x2  
  75  6:50  Supply Depot x2  
  77  7:00  Mag-Field Accelerator  
  77  7:04  Supply Depot  
  77  7:05  Hellion x2, SCV  
  77  7:07  Supply Depot  
  77  7:08  Drilling Claws  
  82  7:15  Cyclone  
  85  7:17  Cyclone  
  88  7:27  Hellion  
  90  7:37  Factory Tech Lab  
  90  7:41  Factory, SCV x2  
  92  7:46  Orbital Command  
  92  7:53  Cyclone x2, SCV x2  
  92  7:54  Hellion x2  
  92  7:58  Refinery x2  
  104  8:01  Supply Depot, Engineering Bay  
  104  8:04  Supply Depot  
  104  8:05  SCV x2  
  100  8:14  Cyclone  
  100  8:15  Hellion  
  100  8:16  Hellion  
  100  8:19  SCV x3  
  108  8:23  Supply Depot  
  108  8:25  Cyclone, Supply Depot  
  108  8:26  Factory Tech Lab  
  111  8:28  Cyclone  
  111  8:31  SCV x2  
  116  8:37  Hellion  
  117  8:44  Neosteel Armor  
  117  8:45  SCV  
  118  8:51  Widow Mine x2  
  118  8:52  Widow Mine  
  118  8:53  Orbital Command  
  124  8:57  Widow Mine  
  124  8:58  Hellion  
  124  9:01  Hellion  
  130  9:13  Hellion  
  132  9:17  Widow Mine  
  132  9:18  Widow Mine  
  132  9:19  Hellion  
  132  9:22  Cyclone  
  141  9:24  Starport, Terran Vehicle And Ship Armor Level 2  
  141  9:26  Widow Mine  
  143  9:34  Hellion  
  145  9:38  Cyclone  
  145  9:39  Hellion, Command Center  
  145  9:40  Hellion  
  150  9:48  Hellion  
  146  9:54  Hellion  
  146  9:55  Widow Mine  
  146  10:00  Widow Mine  
  146  10:01  Hellion  
  148  10:09  Widow Mine  
  148  10:11  Cyclone  
  147  10:15  Cyclone  
  147  10:17  Starport Reactor  
  147  10:20  Widow Mine  
  147  10:28  Hellion  
  147  10:30  Cyclone  
  147  10:31  Hellion  
  147  10:35  Missile Turret  
  142  10:36  Missile Turret  
  142  10:37  Missile Turret  
  142  10:41  Widow Mine  
  142  10:42  Missile Turret  
  144  10:43  Hellion  
  144  10:47  Missile Turret  
  144  10:48  Missile Turret, Widow Mine  
  148  10:50  Cyclone  
  148  10:52  Terran Vehicle Weapons Level 2  
  151  11:02  Cyclone  
  154  11:04  Cyclone  
  154  11:05  Planetary Fortress  
  154  11:07  Refinery  
  159  11:11  Widow Mine  
  159  11:13  SCV x2  
  159  11:14  SCV  
  159  11:16  Refinery  
  162  11:20  Missile Turret  
  160  11:25  SCV x2  
  160  11:26  SCV  
  160  11:30  Supply Depot  
  163  11:34  Supply Depot  
  163  11:35  Supply Depot  
  163  11:37  Advanced Ballistics  
  163  11:40  Missile Turret, Cyclone, Widow Mine, SCV, Raven  
  171  11:49  Orbital Command  
  171  11:51  Terran Vehicle And Ship Armor Level 3  
  171  11:52  Cyclone, Widow Mine, SCV, Hellion  
  179  11:55  Thor  
  179  12:01  Missile Turret  
  185  12:15  Cyclone x2  
  189  12:16  Widow Mine x2  
  189  12:21  Missile Turret  
  191  12:24  Hellion  
  193  12:37  Hellion  
  195  13:04  Command Center  
  195  13:11  Siege Tank  
  195  13:12  Raven  
  200  13:32  Orbital Command, Terran Vehicle Weapons Level 3  
  200  13:35  Command Center  
  200  14:04  Ghost Academy  
  200  14:14  Barracks Tech Lab  
  200  14:16  Barracks Tech Lab  
  200  14:38  Liberator x2  
  200  14:43  Siege Tank  
  187  14:55  Cyclone  
  187  14:56  Thor, Cyclone, Viking  
  195  15:04  Refinery  
  195  15:12  Widow Mine x2  
  195  15:13  Engineering Bay  
  195  15:15  Widow Mine  
  195  15:20  Liberator  
  200  15:40  Personal Cloaking  
  200  15:59  Command Center  
  200  16:02  Command Center x2  
  173  16:26  Hellion, Widow Mine x3  
  173  16:28  Raven, Liberator x2  
  179  16:35  SCV  
  179  16:36  SCV  
  179  16:37  Orbital Command  
  179  16:38  SCV  
  181  16:48  SCV  
  176  17:00  Cyclone x3  
  176  17:01  Cyclone, Liberator, Widow Mine x2  
  159  17:06  Nuke  
  161  17:11  Liberator x2  
  168  17:23  Hellion, Widow Mine  
  158  17:32  Thor, Widow Mine  
  158  17:33  Hellion  
  174  17:38  Thor  
  168  17:45  Raven  
  165  17:53  Liberator  
  165  17:54  Thor, Siege Tank, Liberator  
  165  17:56  Widow Mine x2  
  164  18:15  Thor  
  164  18:17  Widow Mine  
  164  18:18  Hellion  
  164  18:19  Liberator  
  163  18:20  Thor  
  163  18:25  Thor  
  173  18:36  Liberator  
  173  18:37  Widow Mine  
  173  18:39  Hellion, Planetary Fortress, Widow Mine  
  179  18:58  Thor  
  179  19:01  Orbital Command  
  179  19:02  Raven  
  187  19:04  Terran Ship Weapons Level 1  
  187  19:12  Missile Turret  
  187  19:13  Missile Turret  
  187  19:15  Thor  
  187  19:16  Thor  
  199  19:19  Smart Servos  
  199  19:27  Refinery  
  199  19:28  Command Center  
  199  19:33  Hellion, Widow Mine  
  199  19:36  Raven  
  188  19:42  Thor  
  188  19:43  Liberator, Siege Tank  
  188  19:44  Liberator  
  200  19:52  SCV  
  200  19:56  Orbital Command  
  200  21:11  Command Center  
  192  21:20  Command Center  
Tags
 
Composition
Mech
League
Diamond
Matchup
TvZ
Replay Pack
Myownreplay2
Spawn Locations
Cross Positions
Add a new tag
Caveats
  • Supply blocks, unpowered buildings, or Contaminate may cause inaccurate times.
  • Supply counts are checked every 10 seconds.